 Dungeon Crawl Stone Soup version 0.24-a0-341-g52ca42d3ec (webtiles) character file.

Game seed: 6028929229813480597

258 Borgoz the Cudgeler (level 6, 0/37 HPs)
             Began as a Gargoyle Gladiator on May 20, 2019.
             Was an Initiate of Ashenzari.
             Killed by divine providence
             ... invoked by an orc priest
              (11 damage)
             ... on level 4 of the Dungeon.
             The game lasted 00:04:42 (2548 turns).

Borgoz the Cudgeler (Gargoyle Gladiator)            Turns: 2548, Time: 00:04:43

Health: 0/37       AC: 12    Str: 22    XL:     6   Next: 16%
Magic:  6/6        EV: 11    Int:  9    God:    Ashenzari [......]
Gold:   103        SH:  0    Dex: 13    Spells: 5/5 levels left

rFire    . . .     SeeInvis .   a - +0 flail
rCold    . . .     Gourm    .   (no shield)
rNeg     + . .     Faith    .   h - +0 scale mail
rPois    ∞         Spirit   .   c - +0 helmet
rElec    +         Reflect  .   (no cloak)
rCorr    .         Harm     .   (no gloves)
MR       .....                  (no boots)
Stlth    ..........             (no amulet)
HPRegen  0.12/turn              (no ring)
MPRegen  0.10/turn              (no ring)

@: mighty, very slightly contaminated, invisible
A: negative energy resistance 1, electricity resistance, unbreathing,
petrification resistance, rot immunity, AC +4
a: Curse Item, Renounce Religion


You were on level 4 of the Dungeon.
You worshipped Ashenzari.
Ashenzari was noncommittal.
You were very hungry.

You visited 1 branch of the dungeon, and saw 4 of its levels.

You collected 103 gold pieces.

Inventory:

Hand Weapons
 a - a +0 flail (weapon)
Missiles
 d - 5 throwing nets (quivered)
Armour
 c - a +0 helmet (worn)
 h - a +0 scale mail (worn)
Jewellery
 o - a cursed ring of attention
Wands
 r - a wand of acid (7)
Scrolls
 e - 2 scrolls of fog {unknown}
 i - 2 scrolls of remove curse
 j - a scroll of enchant weapon {unknown}
 k - a scroll of fear {unknown}
 l - 3 scrolls of identify {unknown}
Potions
 b - a potion of cancellation
 m - a potion of curing {unknown}
 n - a potion of heal wounds {unknown}
 p - a potion of flight {unknown}
 q - a potion of brilliance {unknown}
 t - 2 potions of might
Comestibles
 f - 5 rations
 g - a chunk of flesh


   Skills:
 + Level 3.4 Fighting
 * Level 4.4 Maces & Flails
 - Level 1.7 Throwing
 + Level 2.4 Armour
 * Level 3.7 Dodging


You had 5 spell levels left.
You didn't know any spells.
Your spell library was empty.

Dungeon Overview and Level Annotations

Branches:
Dungeon (4/15)
 Temple: D:4-7

Altars:
Ashenzari
Cheibriados
Okawaru
Ru
Sif Muna
Vehumet
Zin

Annotations:
D:4 Pikel


Innate Abilities, Weirdness & Mutations

You are resistant to torment.
Your stone body is resilient. (AC +4)
You are immune to poison.
You resist negative energy. (rN+)
You are resistant to electric shocks. (rElec)
You can survive without breathing.
You are immune to petrification.
You are immune to rotting.


Message History

An orc wizard comes into view. It is wielding a +0 dagger.
The ball python moves out of view.
It was a potion of invisibility.
You fade into invisibility!
The orc priest hits you but does no damage.
You are very lightly contaminated with residual magic.
You hit the orc priest.
The orc priest is severely wounded.
The orc priest mumbles some strange prayers to Beogh against you.
Pain shoots through your body!
* * * LOW HITPOINT WARNING * * *
You catch the helpless orc priest completely off-guard!
You sock the orc priest!
You kill the orc priest!
Something hits you but does no damage.
You barely miss something.
The ball python hisses angrily.
The orc priest calls down the wrath of Beogh upon you.
Beogh smites you!
You die...

#........#
#....[.#.# ..
#......#.# #...
..[...#...###.....
#......#.......#
#...........####
.......###..# .
.....# ##.####....
.... #.@{oo....
### ####o.....
...S. ###.


You could see an orc priest, an orc wizard, an orc and a ball python
(wandering).

Vanquished Creatures
  2 slaves (D:3)
  An orc priest (D:4)
  A centaur skeleton (D:3)
  An iguana (D:4)
  An orc wizard (D:3)
  6 adders
  An ooze (D:1)
  3 dart slugs
  A leopard gecko (D:2)
  4 orcs (D:3)
  5 giant cockroaches
  10 goblins
  11 hobgoblins
  4 jackals (D:3)
  2 quokkas
  A ball python (D:3)
  6 bats
  9 frilled lizards
  8 kobolds
  11 rats
88 creatures vanquished.

Notes
Turn   | Place    | Note
-------+----------+-------------------------------------------
     0 | D:1      | Borgoz the Gargoyle Gladiator began the quest for the Orb.
     0 | D:1      | Reached XP level 1. HP: 12/12 MP: 1/1
    28 | D:1      | Reached XP level 2. HP: 10/18 MP: 2/2
   221 | D:1      | Reached skill level 1 in Armour
   254 | D:1      | Reached XP level 3. HP: 21/22 MP: 3/3
   791 | D:2      | Reached XP level 4. HP: 22/27 MP: 4/4
   854 | D:2      | Found a faded altar of an unknown god.
   946 | D:2      | Found a radiant altar of Vehumet.
   946 | D:2      | Found a deep blue altar of Sif Muna.
   952 | D:2      | Found a glowing silver altar of Zin.
   954 | D:2      | Found a shattered altar of Ashenzari.
   955 | D:2      | Found a sacrificial altar of Ru.
   980 | D:2      | Became a worshipper of Ashenzari the Shackled
  1087 | D:2      | Found an iron altar of Okawaru.
  1533 | D:3      | Reached XP level 5. HP: 27/32 MP: 5/5
  1540 | D:3      | Reached skill level 4 in Maces & Flails
  1711 | D:3      | Found a snail-covered altar of Cheibriados.
  2150 | D:4      | Noticed Pikel
  2150 | D:4      | Noticed a slave
  2150 | D:4      | Noticed a slave
  2150 | D:4      | Noticed a slave
  2152 | D:4      | Noticed a slave
  2170 | D:3      | Killed a slave
  2177 | D:3      | Killed a slave
  2436 | D:4      | Reached XP level 6. HP: 22/37 MP: 6/6
  2548 | D:4      | Killed from afar by an orc priest

Levels and vault maps discovered:
D:1:      minmay_arrival_open_corners, layout_basic
D:2:      layout_loops_ring, chequers_temple_overflow_minitemple,
          nicolae_overflow_crystal_walls, chequers_ecumenical_altar_simple
D:3:      layout_basic, kennysheep_slug_shrine
D:4:      layout_rooms, dancing_weapons_uskayaw, minmay_temple_entry_offerings,
          uniq_pikel, uniq_eustachio

Skill      XL: |  1  2  3  4  5 |
---------------+----------------+-----
Armour         | 1 2 |  2.4
Dodging        | 3 |  3.7
Fighting       | 3 |  3.4
Maces & Flails | 4 |  4.4
Throwing       | |  1.7

Action                   |  1- 3 |  4- 6 || total
-------------------------+-------+-------++-------
Melee: Flail             |   108 |   272 ||   380
Throw: Throwing net      |       |     2 ||     2
  Use: Potion            |       |     3 ||     3
 Stab: Held in net/web   |       |     1 ||     1
       Invisible         |       |     1 ||     1
  Eat: Chunk             |       |     5 ||     5
Armor: Leather armour    |    11 |       ||    11
       Scale mail        |    31 |   143 ||   174
Dodge: Dodged            |    73 |   201 ||   274

Table legend:
 A = Non-vault XP
 B = Vault XP
 C = Vault XP percentage of total XP
 D = Non-vault monster count
 E = Vault monster count
 F = Vault count percentage of total count
                 A         B        C        D         E       F
            +---------+---------+-------+---------+---------+-------
      Total |     365 |       4 |   1.1 |      85 |       1 |   1.2
            +---------+---------+-------+---------+---------+-------
        D:1 |      55 |       0 |   0.0 |      29 |       0 |   0.0
        D:2 |      48 |       0 |   0.0 |      16 |       0 |   0.0
        D:3 |     180 |       4 |   2.2 |      36 |       1 |   2.7
        D:4 |      82 |       0 |   0.0 |       4 |       0 |   0.0
            +---------+---------+-------+---------+---------+-------
